 Dungeon Crawl Stone Soup version 0.25.1-2-g60ff931df9 (webtiles) character file.

Game seed: 7845512519697202324

23638 DearestLeader the Earth Mage (level 13, -9/63 HPs)
             Began as a Gargoyle Earth Elementalist on Sept 12, 2020.
             Was an Elder of Vehumet.
             Killed by the air
             ... invoked by a wind drake
              (18 damage)
             ... on level 6 of the Lair of Beasts on Sept 13, 2020.
             The game lasted 00:52:49 (16249 turns).

DearestLeader the Earth Mage (GrEE)                Turns: 16249, Time: 00:52:50

Health: -9/63      AC: 17    Str: 13    XL:     13   Next: 8%
Magic:  0/26       EV: 18    Int: 26    God:    Vehumet [****..]
Gold:   872        SH:  0    Dex: 10    Spells: 5/31 levels left

rFire    . . .     SeeInvis .   Q - +8 trident of the Magic Mushroom {flame, *Contam rElec rPois Int+6}
rCold    + . .     Gourm    .   (no shield)
rNeg     + . .     Faith    .   N - +0 steam dragon scales
rPois    ∞         Spirit   +   T - +1 hat
rElec    +         Reflect  .   n - +0 cloak
rCorr    .         Harm     .   e - +0 pair of gloves
MR       .....                  (no boots)
Stlth    ++........             C - amulet of guardian spirit
HPRegen  0.20/turn              E - +4 ring of evasion
MPRegen  0.20/turn              t - ring of protection from cold

@: no status effects
A: negative energy resistance 1, electricity resistance, unbreathing,
petrification resistance, rot immunity, AC +9
a: Renounce Religion


You were on level 6 of the Lair of Beasts.
You worshipped Vehumet.
Vehumet was greatly pleased with you.
You were not hungry.

You visited 3 branches of the dungeon, and saw 16 of its levels.

You collected 872 gold pieces.

Inventory:

Hand Weapons
 r - a +4 quarterstaff of chaos
 v - a +2 vampiric trident
 G - a +1 whip of flaming
 Q - the +8 trident of the Magic Mushroom (weapon) {flame, *Contam rElec rPois Int+6}
   (You found it on level 3 of the Lair of Beasts)

   It has been specially enchanted to burn those struck by it, causing extra
   injury to most foes and up to half again as much damage against particularly
   susceptible opponents.
   It affects your intelligence (+6).
   It insulates you from electricity.
   It protects you from poison.
   It causes magical contamination when unequipped.
Missiles
 b - 82 stones (quivered)
Armour
 e - a +0 pair of gloves (worn)
 n - a +0 cloak (worn)
 N - +0 steam dragon scales (worn)
 T - a +1 hat (worn)
Jewellery
 t - a ring of protection from cold (right hand)
 z - an uncursed ring of protection from magic
 C - an amulet of guardian spirit (around neck)
 E - a +4 ring of evasion (left hand)
 I - a +6 ring of strength
 M - an uncursed ring of see invisible
 S - an uncursed ring of fire
Wands
 a - a wand of iceblast (9)
 w - a wand of disintegration (13)
 y - a wand of random effects (31)
 D - a wand of flame (16)
 F - a wand of paralysis (4)
 P - a wand of polymorph (8)
Scrolls
 c - a scroll of vulnerability {unknown}
 f - a scroll of blinking {unknown}
 h - 6 scrolls of remove curse
 i - 3 scrolls of enchant weapon
 k - 2 scrolls of enchant armour {unknown}
 m - 6 scrolls of teleportation
 o - 5 scrolls of immolation {unknown}
 B - a scroll of magic mapping {unknown}
 H - 3 scrolls of amnesia {unknown}
 J - a scroll of fog {unknown}
 K - a scroll of brand weapon {unknown}
 O - 2 scrolls of fear {unknown}
Potions
 g - a potion of heal wounds
 j - 7 potions of curing
 l - 2 potions of flight
 p - a potion of invisibility
 q - 3 potions of lignification
 s - 2 potions of haste
 x - a potion of stabbing {unknown}
 A - a potion of might
Comestibles
 d - 15 rations
 u - 9 chunks of flesh


   Skills:
 + Level 6.6 Dodging
 - Level 2.1 Stealth
 + Level 9.5 Spellcasting
 - Level 5.0 Conjurations
 - Level 3.0 Charms
 - Level 3.0 Transmutations
 * Level 0.0 Fire Magic
 - Level 3.0 Ice Magic
 * Level 17.8 Earth Magic


You had 5 spell levels left.
You knew the following spells:

 Your Spells              Type           Power        Failure   Level  Hunger
a - Sandblast             Erth           ######       0%          1    None
b - Stone Arrow           Conj/Erth      ######       1%          3    None
c - Passwall              Tmut/Erth      ######..     1%          2    None
d - Petrify               Tmut/Erth      ######..     1%          4    #......
e - Lee's Rapid Deconstr  Erth           #######...   1%          5    ####...
f - Ozocubu's Armour      Chrm/Ice       ####....     4%          3    None
g - Dazzling Flash        Conj/Hex       ####..       1%          3    None
h - Bolt of Magma         Conj/Fire/Erth ######....   1%          5    ####...

Your spell library contained the following spells:

 Spells                   Type           Power        Failure   Level  Hunger
 Beastly Appendage        Tmut           ####..       1%          1    None
 Freeze                   Ice            ####         1%          1    None
 Frozen Ramparts          Ice            ####..       1%          3    None
 Sticks to Snakes         Tmut           ####....     2%          2    None
 Hailstorm                Conj/Ice       ####....     2%          4    #......
 Spider Form              Tmut/Pois      ###.......   8%          3    None
 Ice Form                 Ice/Tmut       ####....     14%         4    #......
 Summon Ice Beast         Ice/Summ       ###.....     26%         4    #......
 Blade Hands              Tmut           ####......   36%         5    ####...


Dungeon Overview and Level Annotations

Branches:
Dungeon (9/15)             Temple (1/1) D:5            Lair (5/6) D:8
 Shoals (0/4) Lair:3       Spider (0/4) Lair:3
  Slime: Lair:5-6       Orc: D:9-12

Altars:
Ashenzari
Elyvilon
Fedhas
Gozag
Hepliaklqana
Kikubaaqudgha
Makhleb
Nemelex Xobeh
Okawaru
Qazlal
Ru
Sif Muna
Trog
Uskayaw
Vehumet
Wu Jian
Xom
Yredelemnul
Zin
The Shining One

Shops:
D:4 [   D:7 *

Annotations:
Lair:5 2 transporters


Innate Abilities, Weirdness & Mutations

You are resistant to torment.
Your stone body is resilient. (AC +9)
You are immune to poison.
You resist negative energy. (rN+)
You are resistant to electric shocks. (rElec)
You can survive without breathing.
You are immune to petrification.
You are immune to rotting.


Message History

Press: ? - help, Shift-Dir - straight line, f/p - wind drake
Aim: a wind drake (almost dead, repelling missiles)
The blast of sand misses the wind drake.
b - 82 stones The wind drake flaps its wings at you.
The air twists around and strikes you.
Casting: Sandblast (safe; 0% risk of failure)
Confirm with . or Enter, or press ? or * to list all spells.
You don't have enough magic to cast that spell.
Unknown command.
Casting: Sandblast (safe; 0% risk of failure)
Confirm with . or Enter, or press ? or * to list all spells.
You don't have enough magic to cast that spell.
Unknown command.
The wind drake flaps its wings at you. The air twists around and strikes you.
* * * LOW HITPOINT WARNING * * *
The wind drake flaps its wings at you. The air twists around and strikes you!!
You die...

..#.....# ........##
.....^...# #......###
.##.......## ###
P..#..PP...######.###
..........÷##P.P..#.#
%.##.P......k.......#####
###....#.#.P#@.÷.....#########
#####.######..#.....PP#..P##
### #.##.......P..÷... ##
###........#### ##.......#
#......## #...P### ######


You could see a wind drake (repels missiles).

Vanquished Creatures
  4 hydras
  2 catoblepae
  Pikel (D:7)
  4 elephants
  2 black mambas
  Joseph (D:7)
  5 komodo dragons
  9 spiny frogs
  A demonic crawler (Lair:3)
  A hornet (Lair:3)
  9 blink frogs
  Prince Ribbit (D:6)
  Grinder (D:3)
  A snapping turtle (Lair:3)
  4 hippogriffs
  Sigmund (D:6)
  A wyvern (Lair:3)
  16 yaks
  A hungry ghost (D:8)
  2 vampire mosquitoes (D:9)
  2 steam dragons
  7 water moccasins
  9 porcupines
  An ice beast (D:9)
  2 slaves (D:7)
  3 sky beasts
  2 black bears
  A phantom (D:8)
  2 ogres (D:4)
  11 wolves
  A centaur (D:5)
  2 big kobolds
  3 crocodiles
  Blork the orc (D:6)
  15 bullfrogs
  6 scorpions
  A howler monkey (D:7)
  3 electric eels (Lair:2)
  A crimson imp (D:8)
  A bullfrog zombie (D:7)
  2 jellies
  8 hounds
  3 orc wizards
  A bullfrog skeleton (D:5)
  Crazy Yiuf (D:2)
  A centaur skeleton (D:6)
  3 iguanas
  Natasha (thrice) (D:2)
  8 worker ants
  A hound zombie (D:7)
  Robin (D:3)
  A worker ant zombie (D:7)
  A howler monkey skeleton (D:6)
  10 adders
  A shadow imp (D:7)
  2 oozes
  An adder zombie (D:6)
  5 worms
  2 dart slugs (D:2)
  4 leopard geckos
  8 orcs
  7 giant cockroaches
  13 goblins
  8 hobgoblins
  12 jackals
  3 quokkas
  A ball python (D:3)
  5 bats
  2 frilled lizards
  A jackal skeleton (D:5)
  13 kobolds
  A leopard gecko skeleton (D:7)
  A quokka zombie (D:6)
  7 rats
  A plant (D:8)
283 creatures vanquished.

Vanquished Creatures (others)
  A scorpion (D:7)
  A bullfrog zombie (D:6)
  An iguana (D:6)
  40 fungi
  26 plants
69 creatures vanquished.

Grand Total: 352 creatures vanquished

Notes
Turn   | Place    | Note
-------+----------+-------------------------------------------
     0 | D:1      | DearestLeader the Gargoyle Earth Elementalist began the
                  | quest for the Orb.
     0 | D:1      | Reached XP level 1. HP: 10/10 MP: 3/3
    41 | D:1      | Reached skill level 4 in Earth Magic
   158 | D:1      | Reached XP level 2. HP: 10/15 MP: 1/5
   611 | D:1      | Reached XP level 3. HP: 19/19 MP: 4/6
   616 | D:1      | Learned a level 3 spell: Stone Arrow
   635 | D:1      | Reached skill level 5 in Earth Magic
  1238 | D:2      | Noticed Natasha
  1253 | D:2      | Killed Natasha
  1253 | D:2      | Reached XP level 4. HP: 24/24 MP: 4/7
  1326 | D:2      | Reached skill level 6 in Earth Magic
  1330 | D:2      | Learned a level 2 spell: Passwall
  1491 | D:2      | Found a runed translucent door.
  1492 | D:2      | Noticed Crazy Yiuf
  1668 | D:2      | Noticed Natasha
  1671 | D:2      | Killed Natasha
  1868 | D:2      | Reached XP level 5. HP: 28/28 MP: 6/8
  1868 | D:2      | Noticed Natasha
  1874 | D:2      | Killed Natasha
  1874 | D:2      | Reached skill level 7 in Earth Magic
  2700 | D:2      | Killed Crazy Yiuf
  2996 | D:3      | Noticed Robin
  3334 | D:3      | Killed Robin
  3404 | D:3      | Noticed Grinder
  3410 | D:3      | Killed Grinder
  3410 | D:3      | Reached skill level 9 in Earth Magic
  3410 | D:3      | Reached XP level 6. HP: 14/32 MP: 2/9
  3898 | D:4      | Reached XP level 7. HP: 29/36 MP: 10/10
  4077 | D:4      | Found Lexosh's Antique Armour Boutique.
  4288 | D:4      | Reached skill level 10 in Earth Magic
  4462 | D:4      | Reached XP level 8. HP: 41/41 MP: 8/12
  4893 | D:5      | Entered Level 5 of the Dungeon
  4928 | D:5      | Found a staircase to the Ecumenical Temple.
  4970 | Temple   | Entered the Ecumenical Temple
  5005 | Temple   | Became a worshipper of Vehumet
  5172 | D:5      | Reached skill level 11 in Earth Magic
  5408 | D:5      | You fall into a shaft and drop 2 floors!
  5906 | D:5      | Found an ornate altar of the Wu Jian Council.
  6120 | D:6      | Noticed Blork the orc
  6134 | D:6      | Noticed Sigmund
  6141 | D:6      | Killed Sigmund
  6142 | D:6      | Killed Blork the orc
  6142 | D:6      | Reached skill level 12 in Earth Magic
  6210 | D:6      | Reached skill level 5 in Spellcasting
  6210 | D:6      | Reached XP level 9. HP: 44/45 MP: 14/16
  6216 | D:6      | Learned a level 4 spell: Petrify
  6222 | D:6      | Learned a level 5 spell: Lee's Rapid Deconstruction
  6531 | D:6      | Noticed Prince Ribbit
  6534 | D:6      | Killed Prince Ribbit
  6563 | D:6      | Reached * piety under Vehumet
  6563 | D:6      | Offered knowledge of Shock by Vehumet.
  6610 | D:6      | Found a glowing golden altar of the Shining One.
  7169 | D:7      | Noticed Pikel
  7177 | D:7      | Killed Pikel
  7177 | D:7      | Reached skill level 13 in Earth Magic
  7203 | D:7      | Noticed Joseph
  7215 | D:7      | Killed Joseph
  7581 | D:7      | Found Tophyip's Assorted Antiques.
  7812 | D:8      | Reached XP level 10. HP: 50/50 MP: 11/19
  7846 | D:8      | Found a staircase to the Lair.
  7878 | D:8      | Reached skill level 14 in Earth Magic
  8238 | D:8      | Offered knowledge of Magic Dart by Vehumet.
  8248 | D:8      | Reached ** piety under Vehumet
  8688 | D:8      | Found a basalt altar of Yredelemnul.
  8693 | D:8      | Found a glowing silver altar of Zin.
  8807 | Lair:1   | Entered Level 1 of the Lair of Beasts
  8970 | D:9      | Reached skill level 5 in Conjurations
  9139 | D:8      | HP: 1/50 [yak (6)]
  9442 | D:8      | Reached skill level 15 in Earth Magic
  9546 | D:9      | Found an ancient bone altar of Kikubaaqudgha.
  9683 | Lair:1   | Reached XP level 11. HP: 41/54 MP: 4/22
  9912 | Lair:1   | Noticed a four-headed hydra
  9921 | Lair:1   | Killed a four-headed hydra
 10126 | Lair:1   | Learned a level 3 spell: Ozocubu's Armour
 10253 | Lair:1   | Offered knowledge of Dazzling Flash by Vehumet.
 10258 | Lair:1   | Learned a level 3 spell: Dazzling Flash
 10823 | Lair:2   | Reached skill level 1 in Ice Magic
 10942 | Lair:2   | Noticed a six-headed hydra
 10950 | Lair:2   | Killed a six-headed hydra
 11052 | Lair:2   | Noticed a catoblepas
 11068 | Lair:2   | Killed a catoblepas
 11068 | Lair:2   | Reached skill level 16 in Earth Magic
 11236 | Lair:2   | Reached *** piety under Vehumet
 11904 | Lair:3   | Reached skill level 5 in Dodging
 12018 | Lair:3   | Offered knowledge of Conjure Flame by Vehumet.
 12055 | Lair:3   | Reached skill level 1 in Transmutations
 12175 | Lair:3   | Got a warped trident
 12187 | Lair:3   | Reached XP level 12. HP: 50/59 MP: 16/24
 12242 | Lair:3   | Reached skill level 1 in Charms
 12407 | Lair:3   | Identified the +8 trident of the Magic Mushroom {flame,
                  | *Contam rElec rPois Int+6} (You found it on level 3 of the
                  | Lair of Beasts)
 12429 | Lair:3   | Found a hole to the Spider Nest.
 12543 | Lair:3   | Noticed a seven-headed hydra
 12947 | Lair:3   | Killed a seven-headed hydra
 13259 | Lair:3   | Found a staircase to the Shoals.
 13732 | Lair:4   | Noticed an eight-headed hydra
 14183 | Lair:4   | Killed an eight-headed hydra
 14183 | Lair:4   | Reached skill level 17 in Earth Magic
 14565 | Lair:4   | Reached **** piety under Vehumet
 15372 | Lair:5   | Found a transporter.
 15397 | Lair:5   | Found a transporter.
 15399 | Lair:5   | Found the +0 pair of fencer's gloves {Riposte Dex+3}
 15402 | Lair:5   | Offered knowledge of Bolt of Magma by Vehumet.
 15409 | Lair:5   | Learned a level 5 spell: Bolt of Magma
 15594 | Lair:5   | You fall into a shaft and drop 1 floor!
 15594 | Lair:6   | Entered Level 6 of the Lair of Beasts
 15595 | Lair:6   | Noticed a five-headed hydra
 15602 | Lair:6   | Noticed a death yak
 15824 | Lair:6   | Noticed a catoblepas
 15840 | Lair:6   | Killed a catoblepas
 15941 | Lair:6   | Noticed a catoblepas
 16009 | Lair:6   | Reached XP level 13. HP: 39/63 MP: 8/26
 16249 | Lair:6   | Killed from afar by a wind drake

Illustrated notes

Levels and vault maps discovered:
D:1:      eino_arrival_water_cross, layout_basic, solitary_fountain,
          minmay_tromino_v4_b
D:2:      kb_forest_paths, layout_basic, uniq_crazy_yiuf_cottage, uniq_natasha
D:3:      layout_loops_ring, first_ration, uniq_grinder, uniq_robin
D:4:      minmay_chambers_of_fours, layout_basic, serial_shops, shop,
          minmay_misc_feat_roman, minmay_diced_spiral
D:5:      layout_gridville, lemuel_coloured_pillars_altar,
          minmay_temple_entry_purple_smoke, hangedman_decor_diamond_cutter,
          kennysheep_doodads
D:6:      layout_rooms, lemuel_crystal_altar, chequers_garden,
          uniq_prince_ribbit1, uniq_blork_the_orc, uniq_sigmund
D:7:      layout_cave_pools, serial_shops, shop, uniq_pikel, uniq_joseph
D:8:      layout_rooms, minitemple, due_lair_maze_entry_diamond
D:9:      minmay_cut_squares, layout_irregular_city, kennysheep_mini,
          nicolae_overflow_crystal_walls, grunt_dithmenos_smoke
Temple:   eino_wide_crystal_templ
Lair:1:   layout_roguey, eino_small_chamber_without_monster,
          chequers_serial_rivers_marsh, serial_bayou_pond_e
Lair:2:   layout_gridlike
Lair:3:   layout_concentric_octagons, minmay_shoals_entry_hut,
          nicolae_spider_entry_non_spiders, st_stairs_8
Lair:4:   layout_loops_ring, grunt_megastairs_3, infiniplex_staircase_pool_2
Lair:5:   gammafunk_cloud_chamber, layout_gridlike, slime_altar_2, minivault_11,
          minmay_hedge_maze, chequers_serial_rivers_micro_a, grunt_megastairs_4
Lair:6:   gammafunk_lair_ancient_temple, layout_misc_corridors

Skill      XL: |  1  2  3  4  5  6  7  8  9 10 11 12 |
---------------+-------------------------------------+-----
Earth Magic    | 4 5 6 9 10 12 13 15 16 17 | 17.8
Spellcasting   | 3 5 6 7 8 9 |  9.5
Conjurations   | 3 5 |  5.0
Dodging        | 3 5 6 |  6.6
Ice Magic      | 3 |  3.0
Transmutations | 1 3 |  3.0
Charms         | 3 |  3.0
Stealth        | |  2.1

Action                   |  1- 3 |  4- 6 |  7- 9 | 10-12 | 13-15 || total
-------------------------+-------+-------+-------+-------+-------++-------
Melee: Dagger            |    28 |   117 |       |       |       ||   145
       Unarmed           |     6 |       |       |       |       ||     6
       Quarterstaff      |       |    38 |   117 |    74 |       ||   229
       Trident           |       |       |       |    61 |     6 ||    67
 Cast: Sandblast         |    21 |    32 |    67 |   254 |    16 ||   390
       Stone Arrow       |       |       |    19 |    56 |     4 ||    79
       Petrify           |       |       |       |     2 |       ||     2
       Lee's Rapid Decon |       |       |       |     9 |     1 ||    10
       Bolt of Magma     |       |       |       |     1 |     1 ||     2
       Ozocubu's Armour  |       |       |       |     1 |       ||     1
Evoke: Wand              |       |       |       |     1 |       ||     1
  Use: Scroll            |       |     4 |     6 |     8 |       ||    18
       Potion            |       |       |       |     2 |       ||     2
 Stab: Sleeping          |     2 |     5 |     1 |     2 |       ||    10
       Paralysed         |       |       |     1 |       |       ||     1
       Distracted        |       |       |     2 |       |       ||     2
  Eat: Chunk             |     1 |     9 |    13 |    25 |     1 ||    49
       Ration            |       |       |       |     1 |       ||     1
Armor: Robe              |    11 |    68 |    80 |    73 |       ||   232
       Steam dragon scal |       |       |       |   104 |     5 ||   109
Dodge: Dodged            |    21 |   109 |   101 |   335 |    14 ||   580
